[Event "ETCC Open 2023"]
[Site "Budva"]
[Date "2023.11.12"]
[Round "2.11"]
[White "Horvath, Dominik"]
[Black "Amar, Elham"]
[Result "1/2-1/2"]
[ECO "B13"]
[WhiteElo "2549"]
[BlackElo "2584"]
[Annotator "TA"]
[PlyCount "71"]
[EventDate "2023.11.10"]
[EventType "team-tourn"]
[EventCountry "MNE"]
[SourceTitle "playchess.com"]
[Source "ChessBase"]
[SourceQuality "1"]
[WhiteTeam "Austria"]
[BlackTeam "Norway"]
[WhiteTeamCountry "AUT"]
[BlackTeamCountry "NOR"]
[TimeControl "40/5400+30:1800+30"]

1. e4 c6 2. d4 d5 3. exd5 cxd5 4. c4 Nf6 5. Nc3 Nc6 6. Bg5 dxc4 7. d5 Ne5 8. Nf3 {[%emt 0:00:10] B13: Caro-Kann: Exchange Variation and Panov-Botvinnik Attack.} Qd6 {[%emt 0:27:09] [#]} 9. Bxc4 $146 {[%emt 0:31:05][%mdl 64] Decoy} ({Predecessor:} 9. Be2 Nxf3+ 10. Bxf3 g6 11. O-O Bg7 12. Qa4+ Bd7 13. Qxc4 O-O 14. Rfe1 Rac8 15. Qb3 b6 {½-½ Feher,G (2420)-Varga,P (2440) Budapest Mediflora 1995 (5)}) 9... Nxc4 10. Qa4+ {[%emt 0:00:03] White is slightly better.} Bd7 11. Qxc4 Rc8 12. Qb3 Qa6 13. Ne5 h6 (13... Bf5 $5 ) 14. Nxd7 Nxd7 15. Be3 Nc5 (15... e5 $11) 16. Bxc5 $16 Rxc5 17. O-O-O $1 g6 18. Rhe1 $1 {[%emt 0:04:36] Hoping for Kb1.} Kd7 19. Re4 {[%emt 0:03:11] White is more active.} Bg7 20. Ra4 $1 {[%emt 0:01:55][%mdl 64] Skewer} Ra5 (20... Qb6 $2 21. Rb4 Qa6 22. d6 $18 (22. Rxb7+ Kd6 $16)) (20... Qd6 $16) 21. Rxa5 $18 Qxa5 22. Qxb7+ (22. d6 $1 Qg5+ 23. Kb1 exd6 24. Ne4 (24. Qxf7+ Qe7 $16)) 22... Qc7 {[%emt 0:00:07] Black is weak on the light squares} 23. Qb5+ (23. Qb4 Rb8 24. Qa4+ Kd8 $11) 23... Kd6 24. Qa6+ $1 Qb6 25. Qa3+ (25. Ne4+ $1 $16 Kc7 26. d6+ exd6 27. Qxb6+ axb6 28. Nxd6 (28. Rxd6 $2 Re8 $19)) 25... Qc5 $14 26. Qa6+ ({White should play} 26. Qxc5+ $1 Kxc5 27. Ne4+ Kb6 28. g3) 26... Qb6 $1 $16 27. Qc4 (27. Ne4+ $1 $16 Kc7 28. d6+ exd6 29. Qxb6+ axb6 30. Nxd6 (30. Rxd6 $2 Re8 $19)) 27... Rb8 28. Rd2 Kd7 {[%emt 0:07:21] [#]} 29. d6 $1 {[%emt 0:04:42][%mdl 512] The board is on fire.} Bxc3 30. Qxc3 {[%emt 0:01:43] Strongly threatening dxe7+.} exd6 {[%emt 0:00:06][%mdl 4096] Endgame And now ...Rc8 would win. KQR-KQR} 31. Qh3+ (31. Rc2 Re8 $11) 31... Ke7 32. Qxh6 Qc6+ 33. Kb1 ({Reject} 33. Rc2 Qxg2 34. Qh4+ (34. Qf4 Qh1+ 35. Kd2 Qd5+ 36. Ke1 Qxa2 $15) 34... g5 35. Re2+ Kd7 $11) 33... Qxg2 34. Qh4+ g5 {[%emt 0:01:38] [#]} (34... Kf8 $14) 35. Re2+ (35. Qd4 $1 $16 Kf8 36. f4 (36. Qxd6+ Kg7 $16) (36. Qh8+ Ke7 $16) 36... Qf1+ 37. Rd1) 35... Kd8 $11 {[%emt 0:00:15] ( -> ...Qf1+)} 36. Qe4 {[%emt 0:01:32] Blacks defense is rewarded with a draw.   Weighted Error Value: White=0.26 (precise) /Black=0.28 (precise)} 1/2-1/2

[Event "ETCC Open 2023"]
[Site "Budva"]
[Date "2023.11.12"]
[Round "2.12"]
[White "Hauge, Lars Oskar"]
[Black "Blohberger, Felix"]
[Result "0-1"]
[ECO "C67"]
[WhiteElo "2498"]
[BlackElo "2513"]
[Annotator "ChessBase"]
[PlyCount "86"]
[EventDate "2023.11.10"]
[EventType "team-tourn"]
[EventCountry "MNE"]
[SourceTitle "playchess.com"]
[Source "ChessBase"]
[SourceQuality "1"]
[WhiteTeam "Norway"]
[BlackTeam "Austria"]
[WhiteTeamCountry "NOR"]
[BlackTeamCountry "AUT"]
[TimeControl "40/5400+30:1800+30"]

1. e4 e5 2. Nf3 Nc6 3. Bb5 Nf6 4. O-O Nxe4 5. Re1 Nd6 6. a4 Be7 7. Nc3 a6 8. Bf1 e4 9. Nxe4 Nxe4 10. Rxe4 d5 11. Re1 Bg4 12. h3 Bh5 13. Be2 O-O 14. d4 Re8 15. Ne5 Bxe2 16. Rxe2 Nxe5 17. dxe5 Bf8 18. Qd3 Qd7 19. b3 b5 20. Bf4 c5 21. axb5 axb5 22. Rxa8 Rxa8 23. Rd2 d4 24. c3 Ra3 25. cxd4 c4 26. Qe4 c3 27. Rc2 Rxb3 28. Be3 b4 29. d5 Rb1+ 30. Kh2 Rd1 31. d6 Qb5 32. Ra2 Qd5 33. Qg4 h5 34. Qxh5 g6 35. Qg4 Qxe5+ 36. f4 Qxe3 37. Qxd1 Qxf4+ 38. g3 Qxd6 39. Qb1 Qd5 40. Rc2 b3 41. Rf2 c2 42. Qa1 Bg7 43. Qe1 Bh6 0-1

[Event "ETCC Open 2023"]
[Site "Budva"]
[Date "2023.11.12"]
[Round "2.13"]
[White "Navara, David"]
[Black "Vitiugov, Nikita"]
[Result "0-1"]
[ECO "B72"]
[WhiteElo "2695"]
[BlackElo "2712"]
[Annotator "TA"]
[PlyCount "116"]
[EventDate "2023.11.10"]
[EventType "team-tourn"]
[EventCountry "MNE"]
[SourceTitle "playchess.com"]
[Source "ChessBase"]
[SourceQuality "1"]
[WhiteTeam "Czech Republic"]
[BlackTeam "England"]
[WhiteTeamCountry "CZE"]
[BlackTeamCountry "ENG"]
[TimeControl "40/5400+30:1800+30"]

1. e4 c5 2. Nf3 d6 3. d4 cxd4 4. Nxd4 Nf6 5. Nc3 a6 6. Bd3 g6 7. f3 {[%emt 0:00:19] seems to push 7.0-0 aside.} Bg7 8. Be3 Nbd7 {[%emt 0:00:31] B72: Sicilian Dragon: 6 Be3, lines with h3+Bc4 and sidelines.} 9. Qd2 b5 10. a4 b4 {[%emt 0:00:11] White is slightly better.} 11. Na2 d5 {[%emt 0:00:32] [#]} 12. Nxb4 $146 ({Predecessor:} 12. exd5 Nxd5 13. Nxb4 Nxe3 14. Qxe3 Nc5 15. c3 Nxd3+ 16. Nxd3 Qc7 17. O-O O-O 18. f4 Bxd4 19. cxd4 {½-½ Van Leeuwen,E (2486)-Mauritsson,S (2508) SWE-RoW email 2018 [7]}) 12... dxe4 13. fxe4 (13. Ndc6 Qc7 14. fxe4 (14. Bxe4 $2 Nxe4 15. fxe4 a5 $19) 14... Bb7 $17) 13... Bb7 14. O-O Ne5 15. Rad1 O-O 16. Kh1 (16. Nf3 $5 Nxe4 17. Bxe4 Bxe4 18. Bd4 Bxf3 19. gxf3 $15) 16... Nxe4 17. Bxe4 Bxe4 18. Bh6 (18. Qe2 {simplifies} Qc7 19. Bf4 Qb7 20. Bxe5 Bxe5 21. c3) 18... Nc4 (18... Bxh6 $5 19. Qxh6 Qc8 $15) 19. Qe2 Bxh6 {[%emt 0:01:29] This pair of bishops is nice.} (19... Nxb2 20. Bxg7 Nxd1 21. Ndc6 (21. Qxe4 Kxg7 22. Rxd1 Qd6 $16) 21... Bxc6 22. Nxc6 $16) 20. Ndc6 Qe8 21. Qxe4 (21. Qxc4 {simplifies} Bxc6 22. Qxc6 Rb8 23. Qc5) 21... Ne3 22. Nd5 Nxd1 (22... Nxf1 $11 {keeps the balance.} 23. Rxf1 (23. Ncxe7+ Kh8 $11) 23... f5 24. Ncxe7+ Kh8) 23. Rxd1 $16 (23. Ndxe7+ Kh8 24. Rxd1 Bg7 $15) 23... f5 24. Ndxe7+ (24. Qc4 $1 $16 {And now Nf6+ would win.} Qf7 25. Qh4 (25. Ndxe7+ Kh8 $17)) 24... Kh8 $1 $11 25. Qh4 Bg7 26. Rd6 {[%emt 0:00:23] Inhibits Bf6.} h6 $2 {[%emt 0:05:56] Black is weak on the light squares} (26... g5 $1 $11 {and Black stays safe.} 27. Qxg5 Rf7) 27. Rxg6 $2 (27. Nxg6+ $18 Kh7 28. Nce5 (28. Nxf8+ Bxf8 29. Rf6 Bg7 $11)) 27... Kh7 $1 $40 {[%emt 0:00:19][%mdl 128] Black has some attack.} 28. h3 Rf7 $1 {[%emt 0:00:51] Some like it hot} 29. Rd6 {[%emt 0:01:54] Prevents Qd7} (29. Re6 $5 ) 29... Qf8 {[%emt 0:02:09] Threatening ...Re8.} 30. Qg3 $2 (30. Re6 $11 {and White is okay.}) 30... Rxe7 $19 31. Qg6+ Kh8 32. Nxe7 Qxe7 33. Re6 {[%emt 0:00:09] Prevents Qe1+.} Qg5 34. Qxg5 hxg5 {[%emt 0:00:01][%mdl 4096] Endgame KRB-KR} 35. Rg6 Rc8 (35... Bxb2 $19 {and Black stays clearly on top. ...f4 is the strong threat.} 36. Rxg5 f4) 36. Rxg5 $17 Bxb2 37. Rxf5 Rxc2 ({Black should play} 37... Bc3 $17) 38. Ra5 (38. g4 $11 {remains equal.}) 38... Rc6 39. g4 Bc3 40. Rd5 (40. Rh5+ $17 Kg7 41. Rg5+ Kf7 42. Rf5+ Ke7 43. a5) 40... Rc4 41. a5 {[%emt 0:12:36] [#]} Ra4 $1 42. Rd8+ $2 (42. h4 $17 {is a better defense.}) 42... Kg7 $19 43. Rd7+ Kf8 (43... Kf6 $19 44. Rd6+ Ke5 45. Rxa6 Kf4) 44. Ra7 (44. h4 $17) 44... Rxa5 {[%emt 0:00:11] aiming for ...Ra2.} ({Stronger than} 44... Bxa5 45. Rxa6 Kg7 46. h4 $11) 45. h4 $2 {[%emt 0:03:40] [#]} (45. Ra8+ Kf7 46. Kg2) 45... Ra4 $1 {[%emt 0:16:21][%cal Oa6a5] White must now prevent ...a5!} 46. Kh2 a5 $1 ({And not} 46... Rxg4 47. Rxa6 Be5+ 48. Kh1 $15) 47. Kh3 Ra3 48. Ra8+ Kf7 49. Kg2 Kf6 50. Rf8+ Ke5 {[%emt 0:02:09] Strongly threatening ...Ke4.} 51. g5 $2 (51. h5 Bd2 52. Rg8) 51... Ke4 {[%emt 0:00:32] Black is clearly winning.} 52. g6 Be5 53. h5 Rg3+ 54. Kf1 Bd4 ({Not} 54... a4 55. Ra8 $15) 55. Ke2 Rg2+ 56. Kf1 Rg5 57. h6 Rxg6 58. h7 Rf6+ {[%emt 0:00:15] Weighted Error Value: White=0.68/Black=0.24 (precise)} 0-1

[Event "ETCC Open 2023"]
[Site "Budva"]
[Date "2023.11.12"]
[Round "2.14"]
[White "Adams, Michael"]
[Black "Nguyen, Thai Dai Van"]
[Result "1/2-1/2"]
[ECO "C67"]
[WhiteElo "2670"]
[BlackElo "2624"]
[Annotator "TA"]
[PlyCount "62"]
[EventDate "2023.11.10"]
[EventType "team-tourn"]
[EventCountry "MNE"]
[SourceTitle "playchess.com"]
[Source "ChessBase"]
[SourceQuality "1"]
[WhiteTeam "England"]
[BlackTeam "Czech Republic"]
[WhiteTeamCountry "ENG"]
[BlackTeamCountry "CZE"]
[TimeControl "40/5400+30:1800+30"]

1. e4 e5 2. Nf3 Nc6 3. Bb5 Nf6 4. O-O Nxe4 5. Re1 Nd6 6. Nxe5 Be7 7. Bf1 Nxe5 8. Rxe5 O-O 9. d4 Bf6 {[%emt 0:00:23] C67: Ruy Lopez: Berlin Defence: 4 0-0 Nxe4.} 10. Re2 b6 11. Re1 Bb7 12. Bf4 Ne4 13. Nd2 Re8 14. Bd3 Nxd2 15. Qxd2 d6 16. Bb5 c6 {[%emt 0:10:34] [#]} 17. Rxe8+ $146 ({Predecessor:} 17. Bf1 Qd7 18. a4 a5 19. c3 d5 20. Be5 Bxe5 21. dxe5 Ba6 22. Bxa6 Rxa6 23. Re3 {½-½ Vachier Lagrave,M (2741)-Giri,A (2768) Chessable Masters Div 2 Lose rapid 2023 (6.1)}) 17... Qxe8 18. Re1 Qd7 19. Bf1 h6 20. h3 Rd8 21. Re3 c5 22. Rg3 Bxd4 {[%emt 0:01:51] The position is equal.} ({But not} 22... cxd4 23. Bxh6 Qe7 24. Bg5 $14) 23. c3 Bf6 24. Bxh6 Be4 25. Bg5 Qf5 26. Bd3 $36 {[%emt 0:04:00][%mdl 2048] White has good play.} d5 27. Bxf6 Qxf6 28. Re3 Qg5 {[%emt 0:04:12][%csl Ge4][%cal Rg5g2] [#]} 29. f3 d4 30. cxd4 cxd4 31. Re2 Qxd2 {[%emt 0:00:10] A balanced but interesting game.   Weighted Error Value: White=0.04 (flawless) /Black=0.02 (flawless)} 1/2-1/2

[Event "ETCC Open 2023"]
[Site "Budva"]
[Date "2023.11.12"]
[Round "2.15"]
[White "Zilka, Stepan"]
[Black "McShane, Luke J"]
[Result "1-0"]
[ECO "C79"]
[WhiteElo "2609"]
[BlackElo "2626"]
[Annotator "TA"]
[PlyCount "103"]
[EventDate "2023.11.10"]
[EventType "team-tourn"]
[EventCountry "MNE"]
[SourceTitle "playchess.com"]
[Source "ChessBase"]
[SourceQuality "1"]
[WhiteTeam "Czech Republic"]
[BlackTeam "England"]
[WhiteTeamCountry "CZE"]
[BlackTeamCountry "ENG"]
[TimeControl "40/5400+30:1800+30"]

1. e4 e5 2. Nf3 Nc6 3. Bb5 a6 4. Ba4 Nf6 5. O-O d6 6. Re1 Bd7 7. c3 g6 8. d4 Bg7 9. d5 {[%emt 0:01:01] 9.h3 is the modern continuation. C79: Ruy Lopez: Steinitz-type lines with 3...a6 4 Ba4 Nf6 5 0-0 d6.} Ne7 10. Bxd7+ Nxd7 11. c4 {[%emt 0:00:23] White has an edge.} h6 12. Nc3 f5 13. exf5 gxf5 {[%emt 0:01:19][%cal Bg6f5,Bf5f4][%mdl 32] [#]} 14. Nh4 $146 ({Predecessor:} 14. Rb1 a5 15. a3 O-O 16. b4 axb4 17. axb4 Ng6 18. Be3 Nf6 19. c5 Ng4 20. c6 bxc6 21. dxc6 {0-1 Ayush,S (2371)-Bharath,S (2496) Yerevan op-A 5th 2023 (4)}) 14... O-O 15. Re3 Qe8 16. Rg3 f4 17. Rh3 (17. Rg4 $2 Nf6 18. h3 b5 $19) 17... Nf6 18. g3 (18. a4 $11 {remains equal.}) 18... Qd7 $17 19. Kg2 Ng4 (19... b5 $142 {Strongly threatening ...b4.} 20. gxf4 exf4 21. Bxf4 Ne4 22. Nxe4 Rxf4) 20. Ne4 {[%emt 0:01:08] [#]} Nf5 21. Nxf5 (21. Qxg4 $2 Ne3+ 22. Bxe3 Qxg4 $19) (21. Ng6 f3+ 22. Kg1 (22. Kxf3 $2 Nfe3+ 23. Ke2 Nxd1 $19) 22... Rf7 $17) 21... Qxf5 22. f3 Nf6 23. Qd3 b5 $132 {[%emt 0:16:39][%mdl 2048] Black is fighting back} 24. g4 Qd7 25. Bd2 Nxe4 26. Qxe4 bxc4 27. Bc3 Rac8 28. Rd1 {[%emt 0:03:36][%mdl 1024] White has compensation.} Qa4 29. Rg1 {[%emt 0:00:12][%cal Og4g5] And now g5! would win.} Qd7 (29... Qxa2 30. g5 h5 31. Rxh5 $18 (31. Qg6 Rce8 $18)) 30. Rh5 c6 31. Rd1 ({Reject} 31. Qxc4 Qf7 $15) 31... c5 (31... Qb7 $11 {deserves consideration.}) 32. Kh1 Rf6 33. Rg1 {[%emt 0:00:32] g5 would be deadly.} Qf7 34. Qxc4 Qg6 (34... Ra8 $14) 35. Qxa6 $16 Rcf8 36. Re1 ({White should play} 36. a4) 36... R6f7 (36... Qc2 $142) 37. Re4 Kh7 {[%emt 0:00:19] Black is weak on the light squares} 38. a4 {[%emt 0:01:03][%cal Ba2a4,Ba4a5,Ba5a6][%mdl 32] White is more active.} Rd7 39. a5 Bf6 (39... Rff7 $16 40. Qc6 Rc7) 40. Qc6 Rff7 41. a6 Bg5 42. Be1 Bd8 {[%emt 0:06:20] [#]} (42... Rc7 43. Qa4 Rf8) 43. Rf5 $1 $18 Rfe7 (43... Rc7 44. Rxf7+) 44. h4 {[%emt 0:02:21][%cal Bh2h4,Bh4h5][%mdl 32] Threatens to win with h5.} Qg7 $2 (44... Rc7 45. a7 Rxa7) 45. h5 Rf7 46. Rxf7 Qxf7 47. b4 Rc7 48. Qxd6 c4 49. Qxd8 {[%emt 0:03:08] White mates.} c3 50. d6 Rc4 51. Rxc4 Qxc4 52. Qc7+ {[%emt 0:00:06] White used his chance.   Weighted Error Value: White=0.12 (very precise) /Black=0.42} 1-0

[Event "ETCC Open 2023"]
[Site "Budva"]
[Date "2023.11.12"]
[Round "2.16"]
[White "Haria, Ravi"]
[Black "Vykouk, Jan"]
[Result "1/2-1/2"]
[ECO "B30"]
[WhiteElo "2508"]
[BlackElo "2488"]
[Annotator "ChessBase"]
[PlyCount "120"]
[EventDate "2023.11.10"]
[EventType "team-tourn"]
[EventCountry "MNE"]
[SourceTitle "playchess.com"]
[Source "ChessBase"]
[SourceQuality "1"]
[WhiteTeam "England"]
[BlackTeam "Czech Republic"]
[WhiteTeamCountry "ENG"]
[BlackTeamCountry "CZE"]
[TimeControl "40/5400+30:1800+30"]

1. e4 c5 2. Nf3 Nc6 3. Bb5 e6 4. O-O Nge7 5. d4 cxd4 6. Nxd4 Nxd4 7. Qxd4 Nc6 8. Qc3 Qc7 9. a4 a6 10. Be2 Bd6 11. Qxg7 Bxh2+ 12. Kh1 Be5 13. Qh6 Rg8 14. Na3 d5 15. c3 Bd7 16. Bg5 Rg6 17. Qh4 h6 18. Be3 Bf6 19. Qh5 Ne7 20. Bf3 Bc6 21. exd5 Bxd5 22. Nc2 O-O-O 23. Nb4 Bxf3 24. Qxf3 Qc4 25. Qf4 Qxf4 26. Bxf4 Nf5 27. Rfe1 Rg4 28. g3 h5 29. Nc2 h4 30. Ne3 Nxe3 31. Rxe3 hxg3 32. fxg3 e5 33. Bxe5 Bxe5 34. Rxe5 Rxg3 35. Rc5+ Kb8 36. Rh5 Rd2 37. Rh2 Rgd3 38. Rf1 Rxh2+ 39. Kxh2 Rd2+ 40. Kg3 Rxb2 41. Rxf7 Rb3 42. Rf3 Kc7 43. Kf2 Kb6 44. Ke2 Ka5 45. Kd2 Kxa4 46. Kc2 Ka3 47. Rf7 b6 48. Rf6 Rb2+ 49. Kc1 a5 50. Rg6 b5 51. Rg5 a4 52. Rf5 Ka2 53. Rh5 a3 54. Rg5 b4 55. cxb4 Rxb4 56. Rc5 Rh4 57. Rc8 Rh1+ 58. Kc2 Rh2+ 59. Kc1 Rh1+ 60. Kc2 Rh2+ 1/2-1/2

[Event "ETCC Open 2023"]
[Site "Budva"]
[Date "2023.11.12"]
[Round "2.17"]
[White "Martirosyan, Haik M."]
[Black "Saric, Ivan"]
[Result "0-1"]
[ECO "D35"]
[WhiteElo "2708"]
[BlackElo "2659"]
[Annotator "TA"]
[PlyCount "72"]
[EventDate "2023.11.10"]
[EventType "team-tourn"]
[EventCountry "MNE"]
[SourceTitle "playchess.com"]
[Source "ChessBase"]
[SourceQuality "1"]
[WhiteTeam "Armenia"]
[BlackTeam "Croatia"]
[WhiteTeamCountry "ARM"]
[BlackTeamCountry "CRO"]
[TimeControl "40/5400+30:1800+30"]

1. d4 Nf6 2. c4 e6 3. Nf3 d5 4. Nc3 Nbd7 5. cxd5 exd5 6. Qc2 {[%emt 0:00:02] D35: Queen's Gambit Declined: Exchange Variation.} c6 7. Bg5 {[%emt 0:00:14] 7.Bg5 scores better than 7.Bf4.} h6 8. Bh4 {[%emt 0:00:06] White is slightly better.} g5 9. Bg3 Nh5 10. O-O-O Nxg3 11. hxg3 g4 {[%emt 0:00:18] [#]} 12. Nd2 $146 ({Predecessor:} 12. Nh4 Nb6 13. e4 Be6 14. e5 Nc4 15. Bxc4 dxc4 16. Nf5 Qa5 17. Kb1 O-O-O 18. Ne3 {1-0 Kramnik,V (2779)-L'Ami,E (2639) Douglas IoM op 2018 (6)}) 12... Bg7 13. e3 Qf6 14. f4 (14. Nb3 $14 {is more appropriate.}) 14... O-O (14... Nb6 $5) 15. Bd3 (15. e4 $5) 15... b5 16. Kb1 Nb6 $1 17. e4 Qxd4 (17... dxe4 $1 $11 18. Ndxe4 (18. Bxe4 Rd8 $11) 18... Qe7) 18. e5 $14 {[%emt 0:00:09] Bh7+ is the strong threat.} Na4 19. Nxa4 bxa4 {[%emt 0:03:38] [#]} 20. Nf3 Qb6 $1 $11 21. Bh7+ Kh8 22. Ng5 {[%emt 0:00:04] [#]} Rb8 $1 $19 23. Rd2 {[%emt 0:01:27] [#]} (23. Bd3 $142 f5 24. exf6 Rxf6 25. Rde1) 23... f6 $1 (23... hxg5 $2 24. Bg8+ Kxg8 25. Qh7#) 24. exf6 Rxf6 25. Re2 Rf8 {[%emt 0:06:20] Against Re8} (25... hxg5 26. Re8+ Rf8 27. Rxf8+ Bxf8 28. Bg8+ Kg7 29. Qh7+ Kf6 30. Qf7#) (25... Ba6 $19 {[%cal Oa6e2] is more deadly.} 26. Re7 Qd4) 26. Bg6 a3 27. b3 (27. Nf7+ $2 Rxf7 28. Qb3 Qxb3 29. axb3 Rf8 $19) 27... Qd4 {[%emt 0:01:07][%csl Gg7][%cal Rd4a1] Chess con chili.} 28. Re5 $2 {[%emt 0:02:28][%mdl 8192] Loses the game.} (28. Kc1 $17 {was the crucial defense.}) 28... Rb7 (28... Bxe5 29. Rxh6+ Kg7 30. Rh7+ Kg8 31. Bf7+ (31. fxe5 $2 Rf1+) 31... Rxf7 32. Qg6+ Rg7 33. Qe8#) 29. Bd3 (29. Rd1 $142 Qb2+ 30. Qxb2 axb2 31. Nh7 Bxe5 32. Nxf8) 29... a5 30. Kc1 Qa1+ (30... Bxe5 31. Rxh6+ $11) 31. Qb1 Bxe5 32. Rxh6+ Kg8 {[%emt 0:00:04] Strongly threatening ...Qc3+.} 33. fxe5 Qc3+ ({Stronger than} 33... Qxe5 34. Bh7+ Kh8 35. Bf5+ Kg7 36. Rg6+ Kh8 37. Rh6+ Kg8 38. Bh7+ Kh8 39. Bf5+ $11) 34. Kd1 Rf2 ({Weaker is} 34... Qxe5 35. Bh7+ Kh8 36. Bd3+ Kg7 37. Rg6+ Kh8 38. Rh6+ Kg8 39. Bh7+ Kh8 40. Bd3+ $11) 35. Rg6+ Rg7 36. Be2 Bf5 {[%emt 0:00:33] Artfully played by Saric.   Weighted Error Value: White=0.95/Black=0.23 (precise)} ({But not} 36... Rxg2 37. Rxg7+ Kf8 38. Rg8+ {[%mdl 64] Skewer, Decoy} Kxg8 39. Qh7+ Kf8 40. Qf7#) 0-1

[Event "ETCC Open 2023"]
[Site "Budva"]
[Date "2023.11.12"]
[Round "2.18"]
[White "Brkic, Ante"]
[Black "Sargissian, Gabriel"]
[Result "1/2-1/2"]
[ECO "C84"]
[WhiteElo "2622"]
[BlackElo "2686"]
[Annotator "TA"]
[PlyCount "80"]
[EventDate "2023.11.10"]
[EventType "team-tourn"]
[EventCountry "MNE"]
[SourceTitle "playchess.com"]
[Source "ChessBase"]
[SourceQuality "1"]
[WhiteTeam "Croatia"]
[BlackTeam "Armenia"]
[WhiteTeamCountry "CRO"]
[BlackTeamCountry "ARM"]
[TimeControl "40/5400+30:1800+30"]

1. e4 e5 2. Nf3 Nc6 3. Bb5 a6 4. Ba4 Nf6 5. O-O Be7 6. d3 b5 7. Bb3 d6 8. c3 O-O 9. h3 $1 {[%emt 0:00:22][%mdl 4] outshines the older 9.Re1. C84: Closed Ruy Lopez: Unusual White 6th moves.} Bb7 10. a4 Na5 11. Ba2 {[%emt 0:00:13] The position is equal.} c5 12. Bg5 {[%emt 0:00:16] [#]} b4 $146 ({Predecessor:} 12... h6 13. Bxf6 Bxf6 14. b4 cxb4 15. cxb4 Nc6 16. Bd5 Qd7 17. Qb3 Nd4 18. Nxd4 exd4 19. axb5 axb5 20. Nd2 Rfc8 21. Rxa8 {½-½ Tomashevsky,E (2694)-Esipenko,A (2683) RUS-ch 76th St Petersburg 2023 (10)}) 13. Bxf6 Bxf6 ({Resist} 13... gxf6 14. Nh4 $16) 14. Nbd2 Rb8 15. Nc4 Bc8 16. Nxa5 Qxa5 17. Nd2 Qc7 18. Nc4 Bd8 19. Ne3 Qe7 20. Bc4 Qg5 21. Kh1 a5 22. Bd5 g6 23. Nc4 Bc7 24. Qc1 (24. f4 {looks sharper.} exf4 25. Qc1 Qh6 26. Rxf4 Be6 27. Rf2) 24... Qxc1 25. Raxc1 Bd7 26. b3 bxc3 27. Rxc3 Kg7 28. Ne3 f5 29. f3 f4 30. Nc4 g5 31. Kg1 h5 32. Kf2 Rh8 33. Na3 Rbe8 34. Nb5 Bb8 35. Rcc1 Kf6 36. Rh1 {[%emt 0:00:15] Black has an edge.} Re7 37. Rh2 Rg7 38. Ke2 Ke7 39. Bc4 Rh6 40. Nc3 Kd8 {[%emt 0:04:12] Weighted Error Value: White=0.06 (flawless) /Black=0.04 (flawless)} 1/2-1/2